 Dungeon Crawl Stone Soup version 0.19.0-19-g8c6edcc (webtiles) character file.

488 Monsterracer the Chopper (level 6, -10/56 HPs)
             Began as a Deep Dwarf Fighter on Nov 14, 2016.
             Mangled by a gnoll shaman
             ... wielding a +2 whip of electrocution
              (17 damage)
             ... on level 4 of the Dungeon.
             The game lasted 00:09:16 (2746 turns).

Monsterracer the Chopper (Deep Dwarf Fighter)       Turns: 2746, Time: 00:09:18

Health: -10/56     AC: 12    Str: 24    XL:     6   Next: 90%
Magic:  9/9        EV:  4    Int:  9    God:
Gold:   161        SH: 10    Dex: 14    Spells: 0 memorised, 5 levels left

rFire  . . .     SeeInvis .     a - +0 war axe
rCold  . . .     Gourm    .     j - +0 plate armour
rNeg   . . .     Faith    .     c - +0 shield
rPois  +         Spirit   .     (no helmet)
rElec  .         Reflect  .     (no cloak)
rCorr  .         Harm     .     (no gloves)
MR     .....                    (no boots)
Stlth  ..........               (no amulet)
                                (no ring)
                                l - ring of poison resistance

@: mighty, non-regenerating, glowing
A: damage resistance, recharge devices, sense surroundings 1, slow regeneration
3
a: Device Recharging


You were on level 4 of the Dungeon.
You were not hungry.

You visited 1 branch of the dungeon, and saw 4 of its levels.

You collected 161 gold pieces.

Inventory:

Hand Weapons
 a - a +0 war axe (weapon)
Armour
 c - a +0 shield (worn)
 j - a +0 plate armour (worn)
Jewellery
 l - a ring of poison resistance (left hand)
 n - an uncursed ring of wizardry
Wands
 e - a wand of heal wounds (0/9)
Scrolls
 b - 2 scrolls of identify {unknown}
 g - 4 scrolls of remove curse {unknown}
 h - 2 scrolls of enchant weapon {unknown}
 k - 2 scrolls of enchant armour {unknown}
 m - a scroll of recharging {unknown}
 o - a scroll of amnesia {unknown}
 q - a scroll of magic mapping {unknown}
Comestibles
 f - 3 bread rations
 i - 3 meat rations
 p - 2 chunks of flesh


   Skills:
 + Level 3.5 Fighting
 * Level 5.6 Axes
 + Level 4.6 Armour
 - Level 3.2 Shields
 + Level 4.6 Evocations


You had 5 spell levels left.
You didn't know any spells.

Dungeon Overview and Level Annotations

Branches:
Dungeon (4/15)
 Temple: D:4-7

Altars:
Gozag


Innate Abilities, Weirdness & Mutations

You are resistant to damage.
You can recharge devices by infusing magical energy.
You passively map a small area around you.
You do not regenerate.


Message History

Zapping:
e - a wand of heal wounds (1/9)
Press: ? - help, Shift-Dir - straight line, f - you You feel much better.
This wand has 0 charges left.
The gnoll shouts!
You block the gnoll shaman's attack.
You slash the gnoll shaman!
The gnoll shaman is severely wounded.
The gnoll shaman hits you but does no damage.
You are electrocuted!
* * * LOW HITPOINT WARNING * * *
The gnoll shaman calls down the wrath of its god upon you.
You are outlined in light.
You closely miss the gnoll shaman.
The gnoll shaman is severely wounded.
You barely miss the gnoll. The gnoll hits you with a flail.
* * * LOW HITPOINT WARNING * * *
The gnoll shaman hits you with a whip of electrocution.
* * * LOW HITPOINT WARNING * * *
You are electrocuted!
You die...

≈ * * ≈≈≈≈≈≈≈≈.... ,
, , ............ ≈
,#############''''
#+#...........#))))
,#.'...........').))
≈ #.#...........#....
≈,#.#################
≈ #..g...#,+ , , ,
≈,#.@g...# , , , , ≈
≈ #.###g## , #.#
...+, , ≈ ,#.#, ..#
** ≈≈ #+# .'. , , *
####* * , * ≈≈ ≈≈ ≈
≈≈


You could see a gnoll shaman and 2 gnolls.

Vanquished Creatures
  The ghost of jazmu the Chiller, an amateur OpIE (D:4)
  A scorpion (D:4)
  A hound (D:4)
  A gnoll shaman (D:4)
  A hound skeleton (D:4)
  10 gnolls (D:4)
  5 adders
  2 worms
  A dart slug (D:2)
  2 leopard geckos
  3 orcs (D:4)
  3 giant cockroaches
  13 goblins
  10 hobgoblins
  19 jackals
  12 kobolds
  3 quokkas
  4 ball pythons
  4 bats
  8 frilled lizards
  A jackal skeleton (D:4)
  3 rats (D:1)
108 creatures vanquished.

Notes
Turn   | Place    | Note
-------+----------+-------------------------------------------
     0 | D:1      | Monsterracer the Deep Dwarf Fighter began the quest for the Orb.
     0 | D:1      | Reached XP level 1. HP: 20/20 MP: 1/1
    64 | D:1      | Reached skill level 1 in Evocations
   231 | D:1      | Reached XP level 2. HP: 21/27 MP: 2/2
   451 | D:1      | Reached skill level 3 in Axes
  1040 | D:2      | Reached XP level 3. HP: 19/33 MP: 4/4
  1185 | D:2      | Reached skill level 4 in Axes
  1197 | D:2      | Reached XP level 4. HP: 19/40 MP: 6/6
  1254 | D:2      | Found an opulent altar of Gozag.
  1854 | D:3      | Found a faded altar of an unknown god.
  2424 | D:4      | Reached XP level 5. HP: 14/46 MP: 7/7
  2437 | D:4      | Noticed jazmu's ghost (amateur OpIE)
  2445 | D:4      | Killed jazmu's ghost
  2445 | D:4      | Reached skill level 5 in Axes
  2445 | D:4      | Reached XP level 6. HP: 19/55 MP: 7/9
  2746 | D:4      | Mangled by a gnoll shaman

Skill      XL: |  1  2  3  4  5  6 |
---------------+-------------------+-----
Evocations     | 1 2 3 4 |  4.6
Axes           | 3 4 5 |  5.6
Fighting       | 3 |  3.5
Armour         | 4 |  4.6
Shields        | |  3.2

Action                   |  1- 3 |  4- 6 || total
-------------------------+-------+-------++-------
Melee: War axe           |   182 |   243 ||   425
Evoke: Wand              |       |     5 ||     5
  Use: Potion            |       |     4 ||     4
  Eat: Chunk             |     1 |     6 ||     7
Armor: Plate armour      |   115 |   179 ||   294
       Scale mail        |     3 |       ||     3
Dodge: Dodged            |    28 |    40 ||    68
Block: Shield            |    90 |   158 ||   248
